[Event "*** Titled Tuesday Blitz"]
[Site "Chess.com"]
[Date "2021.04.27"]
[Round "6"]
[White "rasmussvane"]
[Black "zmeeed67"]
[Result "1-0"]
[WhiteElo "2896"]
[BlackElo "2551"]
[TimeControl "180+1"]
[EndTime "11:06:10 PDT"]
[Termination "rasmussvane won on time"]

1. Nf3 d5 2. g3 Nf6 3. Bg2 c5 4. O-O Nc6 5. d4 Bg4 6. Ne5 cxd4 7. Nxg4 Nxg4 8. e3 Nf6 9. exd4 e6 10. c3 Be7 11.
Nd2 O-O 12. Nf3 b5 13. a3 a5 14. Qd3 b4 15. cxb4 axb4 16. a4 b3 17. Qxb3 Qd7 18.
Bf4 Ne4 19. Rfc1 Nd6 20. Bf1 Na5 21. Qd3 Rfb8 22. Ne5 Qe8 23. Rcb1 Rb4 24. b3 Rab8 25. Qa6 Ra8 26. Qd3 Rab8 27. Bd2 Rxb3 28. Qc2 Rxb1 29. Rxb1 Rxb1 30. Qxb1 Qxa4 31. Qb8+ Bf8 32. Bxa5 f6 33. Bb4 1-0

[Event "*** Titled Tuesday Blitz"]
[Site "Chess.com"]
[Date "2021.04.27"]
[Round "6"]
[White "Sueetin"]
[Black "kakorrhaphiophobie"]
[Result "1-0"]
[WhiteElo "2505"]
[BlackElo "2304"]
[TimeControl "180+1"]
[EndTime "11:06:10 PDT"]
[Termination "Sueetin won by resignation"]

1. d4 f5 2. Nc3 Nf6 3. Bg5 d5 4.
e3 e6 5. Nf3 a6 6. Ne5 c5 7. Be2 Be7 8. Bh5+ g6 9. Be2 Nc6 10.
Nxc6 bxc6 11. O-O O-O 12. Na4 Qa5 13. c3 Bd7 14. dxc5 Bxc5 15. b4 Bxb4 16. cxb4 Qxb4 17. Rb1 Qd6 18. Nb6 Rae8 19. Nc4 Qc7 20. Bf4 e5 21.
Nxe5 Rxe5 22. Qd4 Rfe8 23. Bxa6 g5 24. Rb7 Qxb7 25. Bxb7 gxf4 26. exf4 R5e6 27. a4 Kf7 28. a5 Re4 29. Qa1 Bc8 30. a6 Bxb7 31. axb7 Rb4 32. Rb1 Rxb1+ 33. Qxb1 Rb8 34. h4 Nd7 35. Qxf5+ Ke7 36.
Qxh7+ Kd6 37. h5 Rxb7 38. h6 Ke6 39. Qg6+ Nf6 40. g4 1-0

[Event "*** Titled Tuesday Blitz"]
[Site "Chess.com"]
[Date "2021.04.27"]
[Round "6"]
[White "VinzentSpitzl"]
[Black "HouseOfDurin"]
[Result "1-0"]
[WhiteElo "2407"]
[BlackElo "2135"]
[TimeControl "180+1"]
[EndTime "11:06:10 PDT"]
[Termination "VinzentSpitzl won on time"]

1. f4 c5 2. Nf3 d5 3. g3 d4 4. Bg2 g6 5. O-O Bg7 6. d3 Nc6 7. e4 dxe3 8. c3 Bf5 9. Bxe3 Qxd3 10. Qxd3 Bxd3 11. Rd1 c4 12. Na3 a6 13. Bb6 Nf6 14.
Ne1 Nd7 15. Be3 Na5 16. Nxd3 cxd3 17. Rxd3 O-O-O 18. Rad1 e5 19. b4 Nc6 20. Nc4 Kc7 21. fxe5 Ncxe5 22. Nxe5 Bxe5 23. Bxb7 Bxc3 24. Bxa6 Bxb4 25.
Rc1+ Kb8 26. Rb3 Ka8 27. Rxb4 Rb8 28. Ra4 1-0

[Event "*** Titled Tuesday Blitz"]
[Site "Chess.com"]
[Date "2021.04.27"]
[Round "6"]
[White "Poghosyan_Suren"]
[Black "grandcoach"]
[Result "0-1"]
[WhiteElo "2339"]
[BlackElo "2248"]
[TimeControl "180+1"]
[EndTime "11:06:12 PDT"]
[Termination "grandcoach won by checkmate"]

1. e4 c5 2. Nf3 Nc6 3. Bb5 e6 4. Bxc6 bxc6 5. O-O Ne7 6. d3 Ng6 7. h4 Qc7 8. Nc3 e5 9. h5 Nf4 10. Bxf4 exf4 11. Re1 g6 12. e5 Rb8 13. Ne4 Bg7 14. c3 O-O 15. Nxc5 Rxb2 16. Qc1 Rb5 17. d4 d6 18. exd6 Qxd6 19. Ne4 Qc7 20. a4 Rxh5 21. Nc5 Bg4 22. Nh2 Bf5 23. Nf3 Bg4 24. Nh2 Bf5 25. Nf3 g5 26. Ne5 f3 27. g4 Bxe5 28. gxh5 Bh2+ 29. Kh1 Bf4 30. Qd1 g4 31. Ne4 Kh8 32. d5 Qe7 33. Kg1 Qh4 34. Qd4+ f6 35.
Ng3 Bxg3 36. fxg3 Qxg3+ 37. Kf1 Qg2# 0-1

[Event "*** Titled Tuesday Blitz"]
[Site "Chess.com"]
[Date "2021.04.27"]
[Round "6"]
[White "Grineva_Marianna"]
[Black "AEMEffi"]
[Result "1-0"]
[WhiteElo "2235"]
[BlackElo "2306"]
[TimeControl "180+1"]
[EndTime "11:06:12 PDT"]
[Termination "Grineva_Marianna won by checkmate"]

1. e4 e5 2. Nf3 Nc6 3. Bb5 a6 4.
Ba4 Nf6 5. Qe2 b5 6. Bb3 Bc5 7. h3 O-O 8. c3 d6 9. d3 Bb7 10.
Nbd2 h6 11. g4 Ne7 12. Nf1 Ng6 13. Ng3 d5 14. Bc2 dxe4 15. dxe4 b4 16. Nf5 a5 17. c4 Ne7 18. Be3 Bxe3 19. Qxe3 Nxf5 20. gxf5 Nh5 21. Rd1 Qf6 22. Rg1 Nf4 23. Rg3 Rfd8 24. Ng1 Rxd1+ 25. Bxd1 a4 26. Ne2 a3 27. b3 Rd8 28. Nxf4 exf4 29.
Qxf4 Qa1 30. Kf1 Qxd1+ 31. Kg2 Qd6 32. Qg4 Re8 33. Qxg7# 1-0

[Event "*** Titled Tuesday Blitz"]
[Site "Chess.com"]
[Date "2021.04.27"]
[Round "6"]
[White "Rsnr"]
[Black "szachuspl"]
[Result "1-0"]
[WhiteElo "2761"]
[BlackElo "2544"]
[TimeControl "180+1"]
[EndTime "11:06:14 PDT"]
[Termination "Rsnr won by resignation"]

1. d4 Nf6 2. c4 g6 3. h4 c5 4.
d5 Bg7 5. Nc3 O-O 6. e4 d6 7.
Bg5 h6 8. Bf4 e6 9. Be2 exd5 10.
exd5 Re8 11. Nf3 Bg4 12. Kf1 Na6 13. Qd2 h5 14. Re1 Nc7 15. Ng5 a6 16. Bxg4 Rxe1+ 17. Qxe1 Nxg4 18. Nce4 Ne5 19. Nxc5 Nxc4 20. Nxb7 Qf6 21. Qe4 Re8 22. Qxc4 Qxb2 23. Nxd6 Qb1+ 24. Qc1 Qd3+ 25. Kg1 Re7 26. Rh3 Qxd5 27. Nc8 Rd7 28. Bxc7 Qb7 29. Bd6 Bf6 30. Re3 Kg7 31. Re8 Qd5 32.
Bf8+ 1-0

[Event "*** Titled Tuesday Blitz"]
[Site "Chess.com"]
[Date "2021.04.27"]
[Round "6"]
[White "I_am_a_Miracle"]
[Black "ErikBlomqvist"]
[Result "0-1"]
[WhiteElo "2387"]
[BlackElo "2588"]
[TimeControl "180+1"]
[EndTime "11:06:15 PDT"]
[Termination "ErikBlomqvist won on time"]

1. Nf3 c5 2. g3 Nc6 3. d4 cxd4 4.
Nxd4 g6 5. Bg2 Bg7 6. Nb3 d6 7. Nc3 Be6 8. O-O Qd7 9. Nd5 Rc8 10. Nf4 Bc4 11. c3 Nf6 12. Bh3 e6 13.
Be3 h5 14. Qd2 Ng4 15. Rad1 d5 16. Nc5 Qe7 17. b3 Nxe3 18. Qxe3 Ne5 19. bxc4 Nxc4 20. Qd3 Rxc5 21. Rb1 g5 22. Nxd5 exd5 23. Qf5 g4 24. Bg2 Nd6 25. Qd3 Rxc3 26. Qxd5 Qe5 0-1

[Event "*** Titled Tuesday Blitz"]
[Site "Chess.com"]
[Date "2021.04.27"]
[Round "6"]
[White "Willhaven3"]
[Black "TST2014"]
[Result "0-1"]
[WhiteElo "2504"]
[BlackElo "2667"]
[TimeControl "180+1"]
[EndTime "11:06:16 PDT"]
[Termination "TST2014 won by resignation"]

1. d4 Nf6 2. Nf3 g6 3. c4 Bg7 4. Nc3 O-O 5. e4 d6 6. Be2 e5 7.
Be3 Ng4 8. Bg5 Qe8 9. h3 exd4 10. Nxd4 Ne5 11. Nd5 f6 12. Be3 Na6 13. O-O c6 14.
Nc3 f5 15. exf5 gxf5 16. Qd2 Qf7 17. Bh6 f4 18. Bxg7 Qxg7 19. Kh2 Nc5 20. Nf3 Rf6 21. Nxe5 dxe5 22. Qd8+ Rf8 23. Qd6 b6 24. Bf3 Bf5 25.
Rfe1 Nd3 26. Qxc6 Nxf2 27. Ne4 Bxe4 28. Bxe4 Qg3+ 29. Kg1 Nxh3+ 30. Kh1 Nf2+ 31. Kg1 Ng4 32. Qd5+ Kh8 33. Bf3 Ne3 34. Qxe5+ Qg7 35. Rxe3 fxe3 36.
Qxe3 Rae8 37. Qb3 Qd4+ 38. Kh2 Rf6 39. Rd1 Rh6+ 40. Kg3 Rg8+ 0-1

[Event "*** Titled Tuesday Blitz"]
[Site "Chess.com"]
[Date "2021.04.27"]
[Round "6"]
[White "Msb2"]
[Black "tdf98pantani"]
[Result "1-0"]
[WhiteElo "2893"]
[BlackElo "2712"]
[TimeControl "180+1"]
[EndTime "11:06:17 PDT"]
[Termination "Msb2 won on time"]

1. d4 Nf6 2. c4 g6 3. Nf3 Bg7 4. e3 O-O 5. Be2 d6 6. Nc3 Nbd7 7. e4 e5 8. O-O c6 9. Be3 Qe7 10. Qc2 h6 11. Rad1 Ng4 12. Bc1 exd4 13. Nxd4 Nxh2 14. Nxc6 bxc6 15. Kxh2 Qh4+ 16. Kg1 Ne5 17. Rxd6 Bg4 18. Bf4 Rae8 19. Bg3 Qe7 20. Rfd1 Be6 21. b3 h5 22. f4 h4 23. Bf2 Ng4 24. Bc5 h3 25. gxh3 Nh6 26. R1d3 Qh4 27. Qd2 1-0

[Event "*** Titled Tuesday Blitz"]
[Site "Chess.com"]
[Date "2021.04.27"]
[Round "6"]
[White "Kapibara_Warri0r"]
[Black "AlexPapasimakopoulos"]
[Result "0-1"]
[WhiteElo "2232"]
[BlackElo "2569"]
[TimeControl "180+1"]
[EndTime "11:06:17 PDT"]
[Termination "AlexPapasimakopoulos won on time"]

1. e4 e6 2. d4 d5 3. Nc3 Bb4 4. e5 b6 5. a3 Bf8 6. f4 Nh6 7. Nf3 Be7 8. Bd3 Ba6 9. Bxa6 Nxa6 10. O-O c5 11. Be3 Nf5 12. Bf2 h5 13. Qe2 cxd4 14. Nxd4 Nxd4 15. Qxa6 Nf5 16. Nb5 O-O 17. Nd4 Nxd4 18.
Bxd4 g6 19. Qd3 Rc8 20. c3 Qc7 21. Rad1 Qc4 22. Qg3 Kh7 23. Qh3 Qe2 24. Rde1 Qg4 25. Qe3 Bc5 26. Rf3 Bxd4 27. Qxd4 Rc4 28. Qd2 Rfc8 29. Ref1 d4 30. Rg3 dxc3 31. Qd7 Qf5 32. Rg5 R4c7 33. Qd1 c2 34. Qc1 Qd3 35. f5 exf5 36.
Rfxf5 Qd1+ 37. Rf1 Qxc1 38. Rxc1 Rd8 39. Kf2 Rd1 0-1

[Event "*** Titled Tuesday Blitz"]
[Site "Chess.com"]
[Date "2021.04.27"]
[Round "6"]
[White "david_alex"]
[Black "ChessAdvanceUSA"]
[Result "1/2-1/2"]
[WhiteElo "2114"]
[BlackElo "2304"]
[TimeControl "180+1"]
[EndTime "11:06:18 PDT"]
[Termination "Game drawn by agreement"]

1. d4 Nc6 2. Nf3 d6 3. e4 Nf6 4. Nc3 g6 5. Bc4 Bg7 6. O-O O-O 7.
h3 Nxe4 8. Nxe4 d5 9. Bxd5 Qxd5 10. Nc3 Qd8 11. Be3 Bf5 12. Qd2 Nb4 13. Rac1 c6 14. a3 Nd5 15. Nxd5 Qxd5 16. c4 Qe4 17.
Rfd1 Bxh3 18. Qd3 Qxd3 19. Rxd3 Bf5 20. Rd2 Rfd8 21. d5 Be4 22. dxc6 Bxf3 23. gxf3 bxc6 24. Rcd1 Rxd2 25. Rxd2 a5 26. Bb6 a4 27. Kf1 Bf6 28. Ke2 h5 29. Kd3 Rb8 30. c5 Kg7 31. Kc4 h4 32. b4 axb3 33. Kxb3 h3 34. Rd1 h2 35.
Rh1 Be5 36. a4 Bc7 37. a5 Be5 38. Kc4 e6 1/2-1/2

[Event "*** Titled Tuesday Blitz"]
[Site "Chess.com"]
[Date "2021.04.27"]
[Round "6"]
[White "Cambek64"]
[Black "Margency"]
[Result "0-1"]
[WhiteElo "2492"]
[BlackElo "2662"]
[TimeControl "180+1"]
[EndTime "11:06:19 PDT"]
[Termination "Margency won by resignation"]

1. e4 c5 2. Nc3 d6 3. d3 Nc6 4.
Be3 g6 5. d4 cxd4 6. Bxd4 Nxd4 7. Qxd4 Nf6 8. e5 dxe5 9. Bb5+ Bd7 10. Qxe5 Bc6 11. Bxc6+ bxc6 12. Qc5 Qb6 13. Na4 Qb5 14. b3 e5 15. Qe3 Bg7 16. c4 Qa5+ 17. Qd2 Qc7 18.
Ne2 O-O 19. O-O Rad8 20. Qc2 e4 21. Rad1 Ng4 22. g3 e3 23. f3 Nf2 24. Rde1 Rd2 25.
Qb1 Qd7 26. Nac3 Bxc3 27. Nxc3 Qh3 28. Re2 Rfd8 29. Rfe1 Nd3 30. Ne4 Nxe1 31. Nxd2 exd2 0-1

[Event "*** Titled Tuesday Blitz"]
[Site "Chess.com"]
[Date "2021.04.27"]
[Round "6"]
[White "Agoking701"]
[Black "Shuvalov"]
[Result "1-0"]
[WhiteElo "2275"]
[BlackElo "2436"]
[TimeControl "180+1"]
[EndTime "11:06:19 PDT"]
[Termination "Agoking701 won by resignation"]

1. e4 e6 2. Nf3 d5 3. Nc3 Nf6 4. e5 Nfd7 5. d4 c5 6. dxc5 Nc6 7.
Bf4 Bxc5 8. Bd3 f6 9. exf6 Qxf6 10. Bg5 Qf7 11. Qe2 O-O 12. O-O Nf6 13. Rae1 Bb4 14.
Ne5 Nxe5 15. Qxe5 Bd7 16. f4 Qh5 17. Bxf6 Rxf6 18. Qxh5 Rc8 19. Qxh7+ Kf7 20. Qh5+ Kg8 21. f5 e5 22. Rxe5 Bd6 23. Re6 Bxe6 24. fxe6 Bc5+ 25. Kh1 Rh6 26. Qf7+ Kh8 27. h3 d4 28. Ne4 Bb4 29.
e7 Bxe7 30. Qxe7 1-0

[Event "*** Titled Tuesday Blitz"]
[Site "Chess.com"]
[Date "2021.04.27"]
[Round "6"]
[White "thechesscorner64"]
[Black "politeplayer"]
[Result "1-0"]
[WhiteElo "2387"]
[BlackElo "2236"]
[TimeControl "180+1"]
[EndTime "11:06:19 PDT"]
[Termination "thechesscorner64 won on time"]

1. e4 c5 2. Nf3 d6 3. d4 cxd4 4. Nxd4 Nf6 5. Nc3 e6 6. Be2 a6 7. Be3 Be7 8. O-O O-O 9. f4 Nc6 10. Qe1 Nxd4 11. Bxd4 b5 12. Qg3 Bb7 13. Bd3 e5 14.
fxe5 Nh5 15. Qh3 dxe5 16. Be3 Nf4 17. Bxf4 exf4 18. e5 g6 19. Rxf4 Bg5 20. Rff1 Qd4+ 21. Kh1 Qxe5 22. Rae1 Qg7 23. Qd7 Rab8 24. Be4 Rfd8 25. Qc7 Bxe4 26. Nxe4 Bh6 27. Nd6 Rf8 28. Re7 Rbd8 29. Rexf7 Kh8 30. Qxd8 Rxd8 31. Rxg7 1-0

[Event "*** Titled Tuesday Blitz"]
[Site "Chess.com"]
[Date "2021.04.27"]
[Round "6"]
[White "VladaSviridova"]
[Black "Rodchenkov_Vitalij"]
[Result "1-0"]
[WhiteElo "2281"]
[BlackElo "2055"]
[TimeControl "180+1"]
[EndTime "11:06:19 PDT"]
[Termination "VladaSviridova won by checkmate"]

1. d4 Nf6 2. c4 e6 3. Nf3 Bb4+ 4. Bd2 a5 5. g3 b6 6. Bg2 Bb7 7.
O-O O-O 8. Bf4 Be7 9. Nc3 d6 10. Qc2 Nbd7 11. e4 Re8 12. Ng5 e5 13. dxe5 dxe5 14.
Bd2 Nc5 15. h4 h6 16. Nh3 Bf8 17. Nd5 Nxd5 18. exd5 e4 19. Rfe1 f5 20. Nf4 Bc8 21. Bc3 g5 22. Nh5 Be7 23. hxg5 Bxg5 24. f4 Be7 25. g4 Nd3 26. Re2 fxg4 27. Bxe4 Nc5 28.
Bh7+ Kf8 29. Bg7+ Kf7 30. Qg6# 1-0

[Event "*** Titled Tuesday Blitz"]
[Site "Chess.com"]
[Date "2021.04.27"]
[Round "6"]
[White "DeTimmerman"]
[Black "HonzaVykouk"]
[Result "1-0"]
[WhiteElo "2804"]
[BlackElo "2591"]
[TimeControl "180+1"]
[EndTime "11:06:20 PDT"]
[Termination "DeTimmerman won by resignation"]

1. b4 e5 2. Bb2 Bxb4 3. Bxe5 Nf6 4. Nc3 Nc6 5. Bxf6 Qxf6 6. Nd5 Qb2 7. Rb1 Qxa2 8. Nxb4 Nxb4 9. Rxb4 a5 10. Rb1 a4 11.
e3 a3 12. Nf3 O-O 13. Bd3 d6 14. O-O Qd5 15. Qe2 Be6 16. Nd4 Qe5 17. Nxe6 fxe6 18. f4 Qf6 19. c3 b6 20. Ra1 Ra5 21. Ra2 Rfa8 22. Rfa1 d5 23. Qe1 Qe7 24. Qb1 g6 25.
Qb4 Kf7 26. Kf2 Qd6 27. Qxd6 cxd6 28. Ke2 e5 29. Bc2 Ke6 30. Bb3 Kd7 31. g3 Kc6 32. Kd3 b5 33. Kc2 h5 34. fxe5 dxe5 35. Rf1 Kc5 36. Rf6 e4 37. Rxg6 Rf8 38. Rg5 Rd8 39.
Rxh5 b4 40. Bxd5 Rxd5 41. Rxd5+ Kxd5 42. cxb4 Ra8 43. Kb3 Rh8 44. Rxa3 Rxh2 45. Ra5+ Kd6 46. Ra2 Rg2 47. Kc4 Rxg3 48. Kd4 Rg1 49. Rb2 Rb1 50. Rxb1 1-0

[Event "*** Titled Tuesday Blitz"]
[Site "Chess.com"]
[Date "2021.04.27"]
[Round "6"]
[White "blitzking1729"]
[Black "djano"]
[Result "1-0"]
[WhiteElo "2673"]
[BlackElo "2489"]
[TimeControl "180+1"]
[EndTime "11:06:20 PDT"]
[Termination "blitzking1729 won by resignation"]

1. c4 c6 2. e4 g6 3. d4 Bg7 4. Nc3 d6 5. h3 Nd7 6. Be3 Ngf6 7. Nf3 e5 8. d5 cxd5 9. cxd5 O-O 10.
Be2 Nh5 11. g3 a6 12. a4 Qe8 13. Nd2 f5 14. exf5 Ndf6 15. fxg6 Qxg6 16. Nde4 Nxe4 17.
Bxh5 Nxc3 18. bxc3 Qe4 19. Ke2 Bf5 20. Bg4 Qc4+ 21.
Ke1 e4 22. Bd4 Bxg4 23. Qxg4 Rf7 24. Rd1 Re8 25. h4 Kh8 26. Qe2 Bxd4 27. Qxc4 1-0

[Event "*** Titled Tuesday Blitz"]
[Site "Chess.com"]
[Date "2021.04.27"]
[Round "6"]
[White "ljuks68"]
[Black "Lyschko"]
[Result "0-1"]
[WhiteElo "2435"]
[BlackElo "2278"]
[TimeControl "180+1"]
[EndTime "11:06:20 PDT"]
[Termination "Lyschko won by checkmate"]

1. e4 Nf6 2. e5 Nd5 3. c4 Nb6 4. d4 d6 5. f4 dxe5 6. fxe5 c5 7. d5 g6 8. Nf3 Bg7 9. Nc3 Bg4 10. Bf4 O-O 11.
Be2 N8d7 12. Qd2 Bxf3 13. gxf3 Nxe5 14. b3 e6 15. O-O-O exd5 16. cxd5 c4 17. b4 Qf6 18. Ne4 Qf5 19. Bh6 Nd3+ 20. Bxd3 cxd3 21. Bxg7 Kxg7 22.
Qxd3 Rac8+ 23. Kb1 Rfd8 24. Qd4+ f6 25. d6 Rc4 26.
Qd2 Qxf3 27. Nc5 Qf5+ 28. Kb2 Rxd6 29. Qxd6 Rxb4+ 30. Ka1 Nc4 31. Ne6+ Kh6 32. Qf4+ Qxf4 33. Nxf4 Ne3 34. Nd5 Nc2# 0-1

[Event "*** Titled Tuesday Blitz"]
[Site "Chess.com"]
[Date "2021.04.27"]
[Round "6"]
[White "ferch1ni"]
[Black "BursaBBSatranc"]
[Result "1-0"]
[WhiteElo "2385"]
[BlackElo "2568"]
[TimeControl "180+1"]
[EndTime "11:06:21 PDT"]
[Termination "ferch1ni won on time"]

1. e4 e5 2. Nf3 Nf6 3. Bc4 Nxe4 4.
Nc3 Nxc3 5. dxc3 f6 6. Nh4 g6 7. f4 f5 8. Nxf5 d5 9. Bxd5 Bxf5 10. Bxb7 Nd7 11. Bxa8 Qxa8 12. Qe2 Qd5 13. O-O Bc5+ 14. Kh1 O-O 15. fxe5 Nxe5 16. Bf4 Ng4 17. Rad1 Qxa2 18. Bxc7 Ne3 19. Bd6 Bxd6 20. Qxe3 Bb8 21. g4 Be6 22. Rxf8+ Kxf8 23. Rd8+ Kg7 24. Rxb8 Qd5+ 25. Kg1 Qd1+ 26. Kf2 Qxg4 27. Qd4+ Kh6 28. Qxg4 1-0

[Event "*** Titled Tuesday Blitz"]
[Site "Chess.com"]
[Date "2021.04.27"]
[Round "6"]
[White "Iskusnyh"]
[Black "JoseRemolar"]
[Result "1-0"]
[WhiteElo "2606"]
[BlackElo "2440"]
[TimeControl "180+1"]
[EndTime "11:06:22 PDT"]
[Termination "Iskusnyh won by resignation"]

1. d4 Nf6 2. c4 g6 3. g3 Bg7 4. Bg2 O-O 5. Nc3 d6 6. Nf3 Nc6 7. O-O a6 8. d5 Na5 9. b3 c5 10. dxc6 Nxc6 11. Bg5 h6 12. Be3 Be6 13. Rc1 d5 14.
cxd5 Nxd5 15. Nxd5 Qxd5 16. Nd4 Qxd4 17. Bxd4 Nxd4 18.
e3 Nc6 19. Qe2 Rfc8 20. Rfd1 a5 21. Bd5 Bxd5 22. Rxd5 a4 23. Rb5 axb3 24. axb3 Rc7 25. Kg2 Rac8 26. Rd1 Bf6 27. Rdd5 Kg7 28. Rb6 Ne5 29.
Rbb5 Rc2 30. Rd2 R2c7 31. Rbd5 Rc3 32. Qb5 Nc6 33. Qxb7 Rb8 34. Qd7 Rbxb3 35. Ra2 g5 36. Rdd2 Rb1 37. Ra8 Rcc1 38. f4 Rg1+ 39. Kf3 h5 40. h3 Rgf1+ 41. Rf2 Rfd1 42. Qxc6 1-0

[Event "*** Titled Tuesday Blitz"]
[Site "Chess.com"]
[Date "2021.04.27"]
[Round "6"]
[White "Smile2005"]
[Black "PolandHussars"]
[Result "0-1"]
[WhiteElo "2390"]
[BlackElo "2631"]
[TimeControl "180+1"]
[EndTime "11:06:24 PDT"]
[Termination "PolandHussars won by resignation"]

1. Nf3 d5 2. g3 Bg4 3. Bg2 Nd7 4.
O-O Ngf6 5. d3 e5 6. Nbd2 Bc5 7. e4 O-O 8. c3 c6 9. Qe2 Re8 10. h3 Bh5 11. g4 Bg6 12. Nh4 Nxe4 13. Nxe4 dxe4 14.
Nxg6 exd3 15. Qxd3 hxg6 16. a4 Nf6 17. Qc4 Bb6 18.
Bg5 Qe7 19. a5 Qc5 20. Qe2 Bc7 21. Bxf6 gxf6 22. Qe4 a6 23. h4 Kg7 24. h5 Rh8 25. hxg6 fxg6 26. Rfd1 Rad8 27. Bf1 Qe7 28. Bd3 Qf7 29.
Bc4 Qe7 30. Kg2 Rxd1 31. Rxd1 Bxa5 32. Bd3 Rh6 33. Rh1 Qf7 34. Bc4 Qe8 35. Rxh6 Kxh6 36. g5+ fxg5 37. Qg4 Bd8 38. Qh3+ Kg7 39. Qg4 Qe7 40. f3 Bb6 41. b4 a5 42. bxa5 Bxa5 43. Bd3 Bxc3 44. Qe4 Qf7 45. Bc4 Qf5 46. Qd3 Qxd3 47.
Bxd3 b5 0-1

[Event "*** Titled Tuesday Blitz"]
[Site "Chess.com"]
[Date "2021.04.27"]
[Round "6"]
[White "Legendinunknown"]
[Black "The_Machine04"]
[Result "1-0"]
[WhiteElo "2608"]
[BlackElo "2452"]
[TimeControl "180+1"]
[EndTime "11:06:24 PDT"]
[Termination "Legendinunknown won on time"]

1. d4 d6 2. c4 e5 3. Nf3 e4 4.
Ng1 f5 5. Nc3 Nf6 6. g3 Be7 7. Bg2 O-O 8. h4 c6 9. Nh3 Na6 10. Nf4 Nc7 11. O-O Ne6 12. f3 exf3 13. Bxf3 Nxf4 14. Bxf4 d5 15. Qb3 dxc4 16. Qxc4+ Kh8 17.
Rad1 Bd6 18. e3 Re8 19. d5 Bxf4 20. Qxf4 cxd5 21. Nxd5 Nxd5 22. Bxd5 Qb6 23. Bf7 Rxe3 24. Qb4 Be6 25. Qxb6 axb6 26. Bxe6 Rxe6 27. Rxf5 h6 28. a3 Rc8 29. Rd2 Rc1+ 30. Kg2 Rce1 31. Kf2 Rh1 32. Kg2 Rhe1 33. Kh3 Rh1+ 34. Kg4 Rg6+ 35. Kf3 Rf1+ 36. Rf2 Rxf2+ 37. Kxf2 Rc6 38. Rb5 Kg8 39. h5 Kf7 40. Kf3 Ke7 41. Kf4 Rf6+ 42. Ke4 1-0

[Event "*** Titled Tuesday Blitz"]
[Site "Chess.com"]
[Date "2021.04.27"]
[Round "6"]
[White "levallem"]
[Black "atwalcb"]
[Result "1-0"]
[WhiteElo "2279"]
[BlackElo "2437"]
[TimeControl "180+1"]
[EndTime "11:06:24 PDT"]
[Termination "levallem won by resignation"]

1. e4 e5 2. Nf3 Nc6 3. Bb5 a6 4. Ba4 Nf6 5. O-O Be7 6. Re1 b5 7. Bb3 O-O 8. c3 d5 9. exd5 Nxd5 10. Nxe5 Nxe5 11. Rxe5 c6 12. d4 Bd6 13. Re1 Qh4 14. g3 Qh3 15. Qf3 Bg4 16. Qg2 Qh5 17. Be3 Rae8 18.
Nd2 Nf6 19. Bc2 Bh3 20. Qf3 Bg4 21. Qg2 Bh3 22. Qf3 Ng4 23. Ne4 Bb8 24. Ng5 f5 25. Bf4 Bxf4 26. gxf4 h6 27. Qxh3 Qg6 28. Qxg4 hxg5 29.
Qxg5 Qh7 30. Rxe8 Rxe8 31. Bxf5 Qh8 32. Bd7 Re7 33. Qxe7 1-0

[Event "*** Titled Tuesday Blitz"]
[Site "Chess.com"]
[Date "2021.04.27"]
[Round "6"]
[White "IsuruAlahakoon"]
[Black "aljado"]
[Result "0-1"]
[WhiteElo "2165"]
[BlackElo "2043"]
[TimeControl "180+1"]
[EndTime "11:06:25 PDT"]
[Termination "aljado won on time"]

1. Nf3 Nf6 2. d4 d5 3. c4 c6 4.
e3 e6 5. Nbd2 Nbd7 6. Bd3 Be7 7.
b3 O-O 8. Bb2 b6 9. O-O Bb7 10.
Ne5 Rc8 11. Qf3 c5 12. cxd5 exd5 13. Qh3 h6 14. Bf5 cxd4 15. Bxd4 Rc7 16. Rac1 Rxc1 17.
Rxc1 Nxe5 18. Bxe5 d4 19. Bxd4 Bc5 20. Nf3 Bxd4 21.
Nxd4 Qd5 22. Bd3 Qa5 23. a4 Qd2 24. Rf1 Qxd3 25. Qg3 Ba6 26. Re1 Qd2 27. Ra1 Rc8 28. h3 Rc1+ 29. Rxc1 Qxc1+ 30. Kh2 Qb1 0-1

[Event "*** Titled Tuesday Blitz"]
[Site "Chess.com"]
[Date "2021.04.27"]
[Round "6"]
[White "annacramling"]
[Black "ChessteacherPalmS"]
[Result "0-1"]
[WhiteElo "2070"]
[BlackElo "2385"]
[TimeControl "180+1"]
[EndTime "11:06:26 PDT"]
[Termination "ChessteacherPalmS won on time"]

1. d4 Nf6 2. c4 g6 3. Nc3 Bg7 4. e4 O-O 5. h3 d6 6. Bg5 h6 7. Be3 e5 8. d5 a5 9. Nf3 Na6 10. Be2 Nc5 11. Qc2 Nh5 12. g3 Bd7 13. O-O-O a4 14.
Nd2 Nf6 15. f4 exf4 16. gxf4 Re8 17. e5 Bf5 18. Nde4 Nfxe4 19. Bxc5 Nxc5 20. Qd2 dxe5 21. Qe3 b6 22. Bg4 Bxg4 23. hxg4 exf4 24. Qxf4 Qg5 25. Qxg5 hxg5 26. Nb5 Re4 27. Nxc7 Rxc4+ 28. Kb1 Rd8 29. d6 Be5 30. Nb5 Rb4 31. Rhe1 Bxb2 32. Kc2 Rxb5 33.
Rb1 Rxd6 34. Rxb2 Rd2+ 35. Kxd2 Rxb2+ 36. Kc3 Rxa2 37. Re8+ Kg7 38. Kb4 Rg2 39. Rb8 Rxg4+ 40. Ka3 Nd7 41. Rb7 Rd4 42. Kb2 g4 43. Kc3 Rd6 0-1

[Event "*** Titled Tuesday Blitz"]
[Site "Chess.com"]
[Date "2021.04.27"]
[Round "6"]
[White "MeekinsKris"]
[Black "McCarthyStone"]
[Result "0-1"]
[WhiteElo "2204"]
[BlackElo "2352"]
[TimeControl "180+1"]
[EndTime "11:06:27 PDT"]
[Termination "McCarthyStone won by resignation"]

1. e4 d6 2. d4 Nf6 3. Nc3 Nc6 4.
Nf3 Bg4 5. Be2 e5 6. d5 Ne7 7. Be3 Ng6 8. Nd2 Bd7 9. O-O Be7 10. Bd3 c6 11. Bc4 b5 12. Bb3 c5 13. a4 c4 14.
Ba2 a6 15. f3 Nh5 16. b3 b4 17. Ne2 c3 18. Nc4 O-O 19. g3 Bh3 20. Rf2 a5 21.
Bb6 Qc8 22. Bxa5 Nhf4 23. gxf4 Bh4 24. Bb6 exf4 25. Bd4 Qd8 26. Kh1 Qg5 27. Qg1 Qh5 28. a5 f5 29. Nxd6 fxe4 30. fxe4 Bg4 31. Re1 Bf3+ 32.
Rg2 Bxe1 33. Qxe1 Bxg2+ 34. Kxg2 f3+ 35. Kg1 fxe2 36. Nf5 Qg4+ 37. Ng3 Rf1+ 38. Qxf1 exf1=Q+ 39. Kxf1 Qd1+ 40. Kg2 Qxd4 0-1

[Event "*** Titled Tuesday Blitz"]
[Site "Chess.com"]
[Date "2021.04.27"]
[Round "6"]
[White "MartinMatthiesen"]
[Black "Susal_De_Silva"]
[Result "0-1"]
[WhiteElo "2463"]
[BlackElo "2634"]
[TimeControl "180+1"]
[EndTime "11:06:28 PDT"]
[Termination "Susal_De_Silva won by resignation"]

1. d4 Nf6 2. c4 e6 3. Nc3 Bb4 4.
Qc2 Bxc3+ 5. Qxc3 O-O 6. Nf3 b6 7. Bg5 Bb7 8. e3 d6 9. Be2 Nbd7 10. O-O h6 11. Bh4 Ne4 12. Qc2 Qe8 13. Nd2 Nxd2 14. Qxd2 f5 15. f3 Nf6 16. Rac1 Rd8 17. Qc3 c5 18. b4 g5 19. Bf2 Qa4 20. dxc5 bxc5 21. bxc5 dxc5 22. e4 fxe4 23. Bxc5 Rf7 24. Rcd1 Rxd1 25.
Rxd1 exf3 26. Rd8+ Kg7 27. gxf3 Qxa2 28. Rd2 Qb1+ 29.
Rd1 Qf5 30. Bd4 Kg8 31. Be5 Nd7 32. Bg3 g4 33. c5 gxf3 34. Bxf3 Bxf3 35. Rf1 Qxc5+ 36.
Qxc5 Nxc5 0-1

[Event "*** Titled Tuesday Blitz"]
[Site "Chess.com"]
[Date "2021.04.27"]
[Round "6"]
[White "Kozok"]
[Black "Durarbayli"]
[Result "1/2-1/2"]
[WhiteElo "2535"]
[BlackElo "2732"]
[TimeControl "180+1"]
[EndTime "11:06:28 PDT"]
[Termination "Game drawn by repetition"]

1. e4 e5 2. Nf3 Nc6 3. Nc3 Nf6 4. a3 Bd6 5. Bb5 O-O 6. O-O Re8 7. Re1 a6 8. Ba4 Nd4 9. Nd5 Nxd5 10. exd5 b5 11. Nxd4 exd4 12. Bb3 Bb7 13. d3 Qh4 14. g3 Rxe1+ 15.
Qxe1 Qh5 16. Qe4 Qd1+ 17. Kg2 c5 18. Bf4 Qxa1 19. Bxd6 c4 20. dxc4 bxc4 21. Bxc4 Qxb2 22. Bd3 g6 23. Be5 Qa2 24. c4 dxc3 25. Bc4 Qd2 26. Qh4 Bxd5+ 27. Kh3 Bxc4 28. Qf6 Qh6+ 29. Kg2 Bd5+ 30. f3 Kf8 31. Bd6+ Kg8 32. Be5 Qd2+ 33.
Kh3 Qh6+ 34. Kg2 1/2-1/2